Map: Amphion LE

Players

Lidvo

  • Race: Terran Terran
  • Spawn Location: 7:00

Lowscharles - Winner!

  • Race: Protoss Protoss
  • Spawn Location: 11:00

VOD

Have the link to the VOD?

Description

i lost this 43 minute game vs a real player and i am new to starcraft 2, how can i improve and get better ?

Time

  • Played on: May 6, 2024, 9:59 a.m.
  • Length: 42:33
Show
View Real Time Build Order
Export as new Build Order

Lidvo Terran 

Build Orders:  

Get SALT Encoding   

  12  0:00  SCV  
  13  0:13  SCV  
  14  0:21  Supply Depot  
  14  0:35  SCV  
  15  0:47  SCV  
  16  0:50  Barracks  
  16  0:59  SCV  
  18  1:22  SCV  
  18  1:26  Refinery  
  18  1:34  SCV  
  18  1:39  Engineering Bay  
  19  1:42  Engineering Bay  
  19  1:55  Marine  
  20  2:03  SCV  
  21  2:13  Marine  
  22  2:15  SCV  
  22  2:16  Refinery  
  23  2:27  Supply Depot  
  23  2:37  Barracks Reactor  
  23  2:44  Barracks  
  23  2:49  SCV  
  24  2:58  Terran Infantry Weapons Level 1  
  24  3:01  SCV  
  25  3:13  SCV  
  26  3:28  Supply Depot  
  26  3:38  Barracks Tech Lab, Command Center  
  26  3:39  Marine x2  
  28  3:49  Terran Infantry Armor Level 1  
  28  3:54  Factory  
  28  3:57  SCV, Marine x2  
  31  4:09  SCV  
  32  4:15  Marine x2  
  33  4:20  Marauder  
  33  4:21  SCV  
  36  4:33  Marine x2  
  38  4:38  Factory Tech Lab  
  38  4:48  Supply Depot  
  38  4:50  Marauder  
  38  4:51  SCV  
  41  4:57  SCV  
  42  5:09  SCV  
  42  5:10  Supply Depot  
  42  5:12  Marauder  
  42  5:13  Refinery  
  45  5:17  Refinery  
  45  5:20  SCV  
  46  5:21  SCV  
  47  5:32  Supply Depot  
  47  5:33  SCV  
  48  5:45  SCV  
  48  5:48  Marauder  
  51  5:50  Marine  
  51  5:52  Marine  
  51  5:55  Supply Depot  
  53  6:04  Orbital Command  
  53  6:07  SCV  
  53  6:10  Marauder  
  56  6:17  Supply Depot  
  56  6:19  SCV  
  57  6:31  SCV, Marauder  
  60  6:34  Siege Tank  
  63  6:42  Supply Depot  
  63  6:43  SCV  
  64  6:52  Marauder  
  66  6:55  Armory, SCV  
  66  7:00  SCV  
  68  7:06  Siege Tank  
  68  7:07  SCV  
  72  7:12  SCV  
  72  7:14  Marauder  
  73  7:16  Marine x2  
  75  7:24  SCV  
  76  7:34  Marine x2  
  76  7:35  Marauder  
  76  7:36  SCV  
  80  7:38  Siege Tank  
  83  7:51  Marine  
  83  7:52  Marine  
  83  7:56  Marauder  
  87  8:09  Marine x2  
  89  8:18  Marauder  
  91  8:20  Supply Depot  
  91  8:27  Marine x2  
  93  8:36  Missile Turret  
  93  8:38  Missile Turret  
  93  8:39  Marauder  
  95  8:41  Missile Turret  
  95  8:42  Supply Depot  
  95  8:45  Marine x2  
  91  9:03  Marine x2  
  91  9:05  Supply Depot  
  91  9:13  Planetary Fortress  
  91  9:38  Missile Turret  
  91  9:43  Missile Turret  
  91  9:45  Missile Turret  
  91  9:46  Missile Turret x2  
  91  9:54  Missile Turret  
  91  9:57  Supply Depot, Missile Turret  
  91  9:59  Missile Turret  
  91  10:02  Missile Turret x2  
  91  10:20  Supply Depot  
  91  10:24  Starport  
  91  10:30  Starport  
  91  10:44  Supply Depot  
  91  10:45  Terran Vehicle Weapons Level 1  
  91  10:50  Armory  
  91  10:52  Marine  
  91  10:53  Marine  
  93  10:59  Marauder  
  91  11:06  Supply Depot  
  91  11:10  Marine x2  
  86  11:21  Marauder  
  85  11:27  Medivac x2  
  85  11:28  Marine x2  
  85  11:42  Marauder  
  85  11:46  Marine  
  81  11:51  Marine  
  78  11:57  Medivac  
  80  12:04  Marauder, Marine  
  83  12:08  Marine  
  82  12:21  Marine  
  82  12:22  Starport Reactor  
  83  12:25  Marauder  
  83  12:26  Marine  
  86  12:35  Terran Vehicle And Ship Armor Level 1  
  86  12:39  Marine  
  87  12:44  Marine  
  87  12:46  Marauder  
  87  12:48  Fusion Core  
  90  12:55  Fusion Core  
  90  12:57  Marine  
  91  13:02  Marine  
  92  13:08  Marauder  
  94  13:29  Marauder  
  94  13:30  Command Center  
  96  13:37  Refinery  
  96  13:45  Refinery  
  96  13:46  Starport Tech Lab  
  96  13:47  Medivac x2  
  100  13:51  Marauder  
  102  13:57  Marine x2  
  104  14:12  Barracks, Marauder  
  104  14:15  Marine x2  
  108  14:17  Medivac x2  
  112  14:24  Caduceus Reactor  
  112  14:33  Marauder, Marine x2  
  116  14:40  Terran Vehicle Weapons Level 2  
  116  14:41  Terran Vehicle And Ship Armor Level 2  
  116  14:43  Terran Infantry Weapons Level 2  
  116  14:44  Terran Infantry Armor Level 2  
  116  14:47  Medivac x2  
  116  14:50  Marine  
  116  14:51  Marine  
  122  14:55  Marauder  
  122  14:56  SCV  
  125  15:09  SCV  
  126  15:16  Marauder  
  126  15:17  Medivac x2  
  126  15:21  SCV  
  133  15:33  SCV  
  134  15:38  Siege Tank  
  137  15:45  SCV  
  138  15:57  SCV  
  138  16:02  SCV  
  140  16:04  SCV  
  140  16:09  SCV  
  140  16:10  Siege Tank  
  145  16:14  SCV  
  145  16:15  Supply Depot  
  145  16:16  SCV  
  147  16:21  SCV  
  147  16:25  Raven  
  150  16:26  SCV  
  150  16:28  SCV  
  152  16:33  SCV  
  152  16:38  SCV  
  152  16:39  Supply Depot  
  154  16:40  SCV  
  154  16:42  Siege Tank  
  158  16:50  SCV  
  158  16:53  SCV  
  160  16:59  Raven  
  162  17:14  Siege Tank  
  165  17:20  Supply Depot  
  165  17:32  Command Center  
  165  17:34  Raven  
  167  17:42  Supply Depot  
  167  17:45  Refinery  
  167  17:46  Siege Tank  
  167  17:48  Refinery  
  170  18:06  Supply Depot, Planetary Fortress  
  170  18:08  Raven  
  172  18:29  Supply Depot  
  172  18:42  Raven  
  174  18:52  Supply Depot  
  174  18:56  SCV  
  175  19:07  Command Center  
  175  19:08  SCV  
  176  19:20  SCV  
  176  19:22  Refinery  
  177  19:25  Factory, Refinery  
  177  19:30  Factory  
  177  19:33  Factory, SCV  
  178  20:27  SCV  
  179  20:34  Marauder  
  179  20:35  Marine x2  
  181  20:39  SCV  
  184  20:46  Barracks Reactor  
  184  20:51  SCV  
  184  20:53  Marine x2  
  184  20:55  Marauder  
  189  21:03  SCV  
  190  21:11  Marine x2  
  190  21:15  SCV  
  190  21:17  Marauder  
  195  21:29  Marine x2  
  197  21:38  Marauder  
  199  22:48  Marine  
  169  23:38  Planetary Fortress  
  169  23:40  Planetary Fortress  
  169  24:07  Factory Tech Lab  
  169  24:12  Factory Tech Lab  
  169  24:13  Factory Tech Lab  
  169  24:14  Thor  
  175  24:34  Marine x2  
  175  24:35  Marine x2  
  180  24:40  Marauder  
  181  24:52  Marine x3  
  182  24:53  Marine  
  182  24:57  Thor  
  191  25:01  Marauder  
  193  25:10  Marine x4  
  197  25:23  Marauder  
  197  25:28  Marine  
  149  27:30  Marine x3  
  149  27:31  Marine  
  149  27:36  Marauder  
  125  27:48  Marine x4  
  112  27:58  Marauder  
  83  28:06  Marine x4  
  83  28:07  Medivac x2  
  91  28:19  Marauder  
  93  28:24  Marine x4  
  97  28:33  Viking  
  99  28:37  Medivac x2  
  99  28:41  Marauder  
  105  28:43  Marine x2  
  105  28:44  Marine  
  105  28:45  Marine  
  109  29:01  Thor x2, Marine x2  
  109  29:02  Marauder, Marine  
  126  29:03  Viking, Marine  
  126  29:07  Medivac x2  
  126  29:08  Siege Tank x2  
  139  29:18  Marine  
  139  29:19  Marine  
  139  29:20  Marine x2  
  139  29:23  Marauder  
  145  29:33  Viking  
  145  29:36  Marine x2  
  145  29:37  Medivac x2  
  145  29:38  Marine x2  
  154  29:40  Siege Tank x2  
  154  29:44  Thor x2  
  154  29:45  Marauder  
  175  30:03  Viking  
  175  30:06  Marauder  
  179  30:10  Marine  
  179  30:11  Marine  
  179  30:12  Siege Tank x2, Marine x2  
  189  30:26  Thor  
  189  30:27  Marauder  
  197  30:28  Marine x2  
  197  30:30  Marine  
  200  31:08  Starport  
  200  31:21  Starport  
  132  34:52  Marine x5  
  137  35:09  Marine  
  137  35:10  Marine  
  137  35:11  Marauder  
  133  35:27  Marine  
  133  35:28  Marine  
  133  35:32  Marauder  
  133  35:45  Siege Tank x3, Marine x2  
  141  35:53  Marauder  
  139  36:03  Marine x2  
  135  36:15  Marauder  
  135  36:16  Barracks  
  135  36:17  Siege Tank x3  
  135  36:18  Barracks  
  146  36:19  Barracks  
  146  36:21  Marine x2  
  146  36:22  Barracks  
  135  36:36  Marine  
  135  36:39  Marine x2  
  134  36:49  Siege Tank x2  
  134  36:50  Siege Tank  
  142  36:56  Marine  
  127  37:17  Marine  
  127  37:18  Marine x3  
  127  37:21  Siege Tank  
  134  37:35  Marine x2  
  134  37:36  Marine x2  
  125  37:53  Marine x3  
  125  37:54  Marine  
  125  37:55  Starport  
  129  37:58  Starport  
  129  37:59  Starport  
  129  38:00  Starport  
  129  38:01  Starport  
  124  38:11  Marine x4  
  99  38:29  Marine x4  
  76  38:37  Viking x2  
  76  38:38  Viking x3  
  83  38:47  Marine x4  
  83  39:04  Marine x2  
  83  39:05  Marine x2  
  83  39:07  Viking x2  
  83  39:08  Viking x3  
  91  39:22  Marine x3  
  91  39:23  Marine  
  72  39:37  Viking x3  
  72  39:38  Viking x2  
  69  39:40  Marine x3  
  63  39:58  Marine  
  55  40:07  Viking x3  
  55  40:08  Viking x2  
  55  40:13  Command Center  
  65  40:18  Command Center  
  64  40:30  Refinery  
  64  40:34  Refinery  
  63  40:37  Viking x2  
  63  40:41  Refinery x2, Command Center  
  49  41:08  Barracks x2  
  49  41:09  Barracks  
  43  41:11  Barracks  
  43  41:14  Barracks  
  43  41:33  Factory  
  43  41:35  Factory  
  41  42:03  Barracks Reactor x3  
  41  42:04  Marine x2  
Show
View Real Time Build Order
Export as new Build Order

Lowscharles Protoss - Winner!

Build Orders:  

Get SALT Encoding   

  12  0:24  Pylon  
  12  0:35  Probe  
  13  0:47  Probe  
  14  0:59  Probe, Gateway  
  15  1:11  Probe  
  16  1:21  Forge  
  16  1:24  Probe  
  17  1:29  Assimilator  
  17  1:38  Probe  
  18  2:03  Nexus  
  18  2:21  Probe  
  19  2:25  Zealot  
  21  2:33  Probe  
  22  2:59  Photon Cannon  
  22  3:06  Pylon  
  22  3:15  Zealot (Chrono Boost)  
  24  3:21  Pylon  
  24  3:33  Protoss Ground Weapons Level 1  
  24  3:39  Probe, Zealot (Chrono Boost)  
  27  3:48  Probe  
  28  3:59  Zealot  
  28  4:00  Probe  
  28  4:02  Assimilator  
  31  4:12  Probe  
  32  4:22  Assimilator  
  32  4:24  Probe  
  32  4:26  Zealot  
  35  4:36  Probe  
  36  4:48  Probe  
  37  4:53  Zealot  
  39  5:00  Probe  
  40  5:12  Probe, Cybernetics Core  
  41  5:24  Probe  
  42  5:37  Probe  
  43  5:49  Probe  
  44  6:01  Probe  
  41  6:05  Protoss Air Armor Level 1  
  41  6:13  Probe  
  34  6:32  Stargate  
  34  6:38  Robotics Facility  
  34  6:57  Photon Cannon  
  34  7:05  Photon Cannon  
  34  7:07  Photon Cannon  
  34  7:10  Stalker  
  36  7:21  Photon Cannon  
  36  7:40  Stalker (Chrono Boost)  
  28  8:04  Stalker (Chrono Boost)  
  27  8:11  Void Ray  
  28  8:29  Pylon  
  30  8:52  Forge  
  30  9:12  Probe  
  31  9:24  Probe  
  31  9:29  Assimilator  
  32  9:33  Probe  
  32  9:36  Probe  
  34  9:45  Probe  
  35  9:49  Probe  
  36  9:53  Pylon  
  36  9:56  Pylon  
  36  9:57  Probe  
  36  9:59  Pylon  
  37  10:01  Probe  
  37  10:03  Pylon  
  38  10:07  Pylon  
  38  10:11  Probe  
  39  10:14  Void Ray  
  39  10:23  Probe  
  39  10:25  Photon Cannon  
  39  10:27  Photon Cannon  
  40  10:28  Photon Cannon  
  40  10:33  Photon Cannon  
  40  10:37  Photon Cannon  
  40  10:45  Photon Cannon  
  40  10:47  Photon Cannon  
  40  10:53  Photon Cannon  
  40  10:56  Photon Cannon  
  44  10:57  Void Ray (Chrono Boost)  
  44  11:00  Protoss Air Weapons Level 1  
  44  11:01  Photon Cannon  
  44  11:03  Photon Cannon  
  44  11:10  Photon Cannon  
  40  11:29  Void Ray (Chrono Boost)  
  43  12:03  Void Ray  
  43  12:22  Pylon  
  43  12:25  Pylon  
  43  12:29  Pylon  
  43  12:38  Photon Cannon  
  43  12:41  Photon Cannon  
  47  12:45  Photon Cannon  
  47  12:46  Void Ray  
  47  12:48  Photon Cannon  
  47  12:52  Photon Cannon  
  47  13:05  Photon Cannon  
  47  13:21  Forge  
  47  13:26  Gateway  
  51  13:29  Void Ray  
  51  13:56  Robotics Bay  
  51  14:00  Fleet Beacon  
  55  14:12  Void Ray  
  55  14:28  Assimilator  
  55  14:38  Probe  
  56  14:49  Pylon  
  60  14:55  Void Ray  
  60  14:59  Pylon  
  60  15:02  Pylon  
  60  15:05  Pylon  
  60  15:12  Photon Cannon  
  60  15:17  Photon Cannon  
  60  15:26  Photon Cannon  
  60  15:29  Photon Cannon  
  64  15:38  Void Ray, Photon Cannon  
  64  15:44  Photon Cannon  
  64  15:52  Photon Cannon  
  68  16:21  Gravitic Boosters, Void Ray  
  68  16:44  Stargate, Protoss Ground Armor Level 1  
  72  17:04  Void Ray  
  72  17:18  Gravitic Drive  
  72  17:32  Probe  
  73  17:41  Tempest  
  78  17:45  Probe, Anion Pulse-Crystals  
  79  17:52  Tempest  
  79  17:57  Probe  
  85  18:09  Probe  
  86  18:15  Extended Thermal Lance  
  86  18:21  Probe  
  86  18:24  Tempest  
  86  18:26  Pylon  
  92  18:30  Pylon  
  92  18:38  Robotics Facility  
  92  18:49  Flux Vanes  
  92  18:55  Photon Cannon  
  92  18:57  Photon Cannon  
  92  19:00  Photon Cannon  
  92  19:07  Tempest  
  92  19:09  Photon Cannon  
  97  19:12  Photon Cannon  
  97  19:22  Photon Cannon  
  97  19:59  Probe  
  98  20:11  Probe  
  99  20:36  Nexus  
  99  20:41  Assimilator  
  99  20:50  Assimilator  
  99  21:26  Unknown  
  99  21:52  Probe  
  100  22:04  Probe  
  101  22:14  Probe  
  102  22:16  Probe  
  103  22:26  Probe  
  103  22:28  Probe  
  105  22:40  Probe  
  102  23:56  Tempest  
  107  24:22  Robotics Facility  
  107  24:24  Photon Cannon  
  107  24:34  Photon Cannon  
  107  24:38  Photon Cannon  
  107  24:39  Tempest  
  107  24:40  Photon Cannon  
  107  24:42  Photon Cannon  
  112  25:22  Tempest  
  117  25:39  Robotics Bay  
  117  25:59  Nexus  
  117  26:05  Tempest  
  122  26:25  Stargate  
  122  26:28  Colossus  
  134  26:48  Tempest  
  139  26:55  Mothership  
  134  27:18  Colossus  
  102  27:55  Tempest (Chrono Boost)  
  107  28:42  Probe  
  108  28:54  Probe  
  109  29:35  Pylon  
  109  29:42  Immortal  
  109  29:46  Pylon  
  109  29:52  Pylon  
  109  29:53  Colossus  
  115  30:00  Pylon  
  115  30:03  Tempest  
  120  30:09  Pylon  
  120  30:22  Immortal  
  124  30:42  Tempest  
  129  30:46  Colossus, Tempest  
  140  30:57  Adept  
  140  31:01  Immortal  
  146  31:27  Adept  
  148  31:35  Nexus  
  148  31:47  Assimilator  
  148  31:52  Assimilator  
  148  32:46  Immortal, Adept, Tempest x2  
  164  33:01  Pylon  
  164  33:12  Probe  
  161  33:16  Adept  
  161  33:18  Colossus  
  169  33:24  Pylon, Probe  
  170  33:27  Pylon  
  170  33:30  Tempest  
  170  33:36  Probe  
  170  33:37  Tempest  
  171  33:42  Immortal  
  171  33:46  Adept  
  172  33:49  Probe  
  173  34:01  Probe  
  174  35:01  Tempest  
  174  35:02  Tempest  
  174  35:03  Immortal, Colossus  
Tags
 
Matchup
PvT
Spawn Locations
Close Positions
Add a new tag
Caveats
  • Supply blocks, unpowered buildings, or Contaminate may cause inaccurate times.
  • Supply counts are checked every 10 seconds.